 Dungeon Crawl Stone Soup version 0.26-a0-1129-gc5df7fbe6a (webtiles) character file.

Game seed: 2083513616751772169

956 nuthulu the Skirmisher (level 8, 0/54 HPs)
             Began as a Gargoyle Fighter on Dec 15, 2020.
             Slain by an ice beast (9 damage)
             ... on level 6 of the Dungeon on Dec 18, 2020.
             The game lasted 00:09:58 (5610 turns).

nuthulu the Skirmisher (Gargoyle Fighter)           Turns: 5610, Time: 00:09:59

Health: 0/54       AC: 14    Str: 21    XL:     8   Next: 14%
Magic:  8/8        EV:  9    Int:  9    God:
Gold:   352        SH: 12    Dex: 10    Spells: 7/7 levels left

rFire    . . .     SeeInvis .   a - +1 flail
rCold    . . .     Faith    .   p - +3 warlock's mirror {reflect}
rNeg     + . .     Spirit   .   b - +0 scale mail
rPois    ∞         Reflect  +   k - +2 hat
rElec    +         Harm     .   (no cloak)
rCorr    .         Rampage  .   (no gloves)
Will     +....                  (no boots)
Stlth    ..........             v - amulet of reflection
HPRegen  0.18/turn              r - ring of willpower
MPRegen  0.11/turn              (no ring)

@: no status effects
A: negative energy resistance 1, electricity resistance, unbreathing,
petrification resistance, miasma immunity, AC +5
a: no special abilities


You were on level 6 of the Dungeon.
You visited 1 branch of the dungeon, and saw 6 of its levels.

You collected 352 gold pieces.

Inventory:

Hand Weapons
 a - a +1 flail (weapon)
Armour
 b - a +0 scale mail (worn)
 c - a +1 kite shield
 k - a +2 hat (worn)
 p - the +3 warlock's mirror (worn) {reflect}
   (You found it on level 4 of the Dungeon)
Jewellery
 r - a ring of willpower (left hand)
 v - an amulet of reflection (around neck)
Wands
 e - a wand of acid (11)
 o - a wand of flame (2)
 q - a wand of iceblast (8)
Scrolls
 i - a scroll of fog
 j - 2 scrolls of amnesia
 l - 4 scrolls of teleportation
 m - 3 scrolls of remove curse
 t - a scroll of immolation
 u - a scroll of blinking
Potions
 d - a potion of might
 f - a potion of haste
 g - a potion of curing
 h - 3 potions of lignification
 n - 3 potions of brilliance
 s - a potion of resistance


   Skills:
 + Level 7.7 Fighting
 + Level 6.6 Maces & Flails
 - Level 3.4 Armour
 - Level 0.2 Dodging
 - Level 3.4 Shields


You had 7 spell levels left.
You didn't know any spells.
Your spell library contained the following spells:

 Spells                   Type           Power        Failure   Level
 Corona                   Hex            0%           75%         1
 Ensorcelled Hibernation  Hex/Ice        0%           87%         2
 Confusing Touch          Hex            0%           98%         3
 Dazzling Flash           Conj/Hex       0%           98%         3
 Tukima's Dance           Hex            0%           98%         3


Dungeon Overview and Level Annotations

Branches:
Dungeon (6/15)             Temple (0/1) D:6

Altars:
Sif Muna

Annotations:
D:4 Prince Ribbit


Innate Abilities, Weirdness & Mutations

You are resistant to torment.
Your stone body is resilient. (AC +5)
You are immune to poison.
You resist negative energy. (rN+)
You are resistant to electric shocks. (rElec)
You can survive without breathing.
You are immune to petrification.
You are immune to miasma.


Message History

You hit the orc warrior but do no damage.
The orc warrior is moderately wounded.
The orc warrior barely misses you. You block the ice beast's attack.
You completely miss the orc warrior.
The orc warrior is moderately wounded.
The orc warrior barely misses you. The ice beast barely misses you.
You hit the orc warrior but do no damage.
The orc warrior is moderately wounded.
You block the orc warrior's attack. You block the ice beast's attack.
You feel better. The orc warrior barely misses you.
The ice beast hits you but does no damage.
You feel better. You block the ice beast's attack.
The orc warrior hits you with a +0 halberd!
* * * LOW HITPOINT WARNING * * *
You barely miss the orc warrior.
The orc warrior is moderately wounded.
The ice beast hits you.
* * * LOW HITPOINT WARNING * * *
The ice beast freezes you!
You die...

######################
#..........†..........
############.####################
...................#
############.#####.# .........#
#.#...#.# .#######.# #.#.#Y#.# #
.#.....#.# #.#.#@#.# #
.#.###.#.###.#o#o#.# #
.#...........#.#[#.# #
.#####.#.#####.#'#'## #
.......#.#####......# #
####........##......# #
...#........##......#############
....................[)..........>
##.#........##......##...........


You could see an orc warrior and an ice beast.

Vanquished Creatures
  2 sky beasts
  A phantom (D:6)
  An ice beast (D:5)
  A hound (D:5)
  2 jellies
  An orc priest (D:4)
  2 orc wizards (D:6)
  2 iguanas
  2 worker ants
  A worker ant zombie (D:6)
  8 gnolls
  6 adders
  3 ufetubi
  3 oozes
  An adder zombie (D:6)
  4 worms
  8 dart slugs
  7 leopard geckos
  18 orcs
  2 bats
  5 giant cockroaches
  6 goblins
  9 hobgoblins
  2 jackals (D:3)
  3 ball pythons
  3 frilled lizards
  11 kobolds
  A leopard gecko skeleton (D:4)
  A quokka skeleton (D:6)
  4 rats
120 creatures vanquished.

Notes
Turn   | Place    | Note
-------+----------+-------------------------------------------
     0 | D:1      | nuthulu the Gargoyle Fighter began the quest for the Orb.
     0 | D:1      | Reached XP level 1. HP: 14/14 MP: 1/1
     0 | D:1      | Upgraded the game from 0.26-a0-1101-g8f9f7f7418 to
                  | 0.26-a0-1129-gc5df7fbe6a
    56 | D:1      | Reached XP level 2. HP: 19/20 MP: 2/2
   208 | D:1      | Reached skill level 4 in Fighting
   208 | D:1      | Reached XP level 3. HP: 24/24 MP: 3/3
   678 | D:2      | Reached XP level 4. HP: 29/29 MP: 4/4
  1661 | D:3      | Reached XP level 5. HP: 33/34 MP: 5/5
  2155 | D:4      | Reached skill level 5 in Fighting
  2596 | D:4      | Reached XP level 6. HP: 38/40 MP: 6/6
  2925 | D:4      | Found the +3 warlock's mirror {reflect}
  3206 | D:5      | Entered Level 5 of the Dungeon
  3206 | D:5      | Noticed a sky beast
  3231 | D:5      | Killed a sky beast
  3232 | D:5      | Reached skill level 6 in Fighting
  3232 | D:5      | Reached skill level 5 in Maces & Flails
  3236 | D:5      | Noticed Prince Ribbit
  4383 | D:5      | Found a shimmering blue altar of Sif Muna.
  4429 | D:5      | Reached XP level 7. HP: 45/46 MP: 7/7
  5053 | D:6      | Reached skill level 7 in Fighting
  5339 | D:6      | Reached XP level 8. HP: 46/53 MP: 8/8
  5536 | D:6      | Found a staircase to the Ecumenical Temple.
  5610 | D:6      | Slain by an ice beast

Illustrated notes

Levels and vault maps discovered:
D:1:      minmay_arrival_five_plusses, layout_basic
D:2:      kennysheep_six_static_rooms, layout_rooms
D:3:      layout_basic
D:4:      minmay_spotlight, layout_basic, minmay_misc_feat_iff,
          kennysheep_nondescript, minmay_cupped
D:5:      layout_basic, cheibrodos_sewer_entry_drain, chequers_garden,
          supply_closet_lemuel, grunt_ministairs_8, lemuel_statue_altar,
          uniq_prince_ribbit1
D:6:      layout_basic, overflow_temple_1_default, lemuel_doored_altar,
          minmay_temple_entry_large_hall

Skill      XL: |  1  2  3  4  5  6  7 |
---------------+----------------------+-----
Fighting       | 4 5 6 7 |  7.7
Maces & Flails | 3 4 5 6 |  6.6
Armour         | |  3.4
Dodging        | |  0.2
Shields        | |  3.4

Action                   |  1- 3 |  4- 6 |  7- 9 || total
-------------------------+-------+-------+-------++-------
Melee: Flail             |    76 |   315 |   134 ||   525
  Use: Scroll            |     6 |    11 |     3 ||    20
       Potion            |       |     2 |     2 ||     4
Armor: Scale mail        |    28 |   176 |    57 ||   261
Dodge: Dodged            |    17 |   103 |    37 ||   157
Block: Kite shield       |    41 |   173 |       ||   214
       Buckler           |       |    22 |    68 ||    90
       Reflection        |       |       |     1 ||     1

Table legend: (Time is in decaauts)
 A = Elapsed time spent in this place.
 B = Non-inter-level travel time spent in this place.
 C = Inter-level travel time spent in this place.
 D = Time resting spent in this place.
 E = Time spent auto-exploring this place.
 F = Levels seen in this place.
 G = Mean time per level.
                   A        B        C        D        E       F      G
               +--------+--------+--------+--------+--------+-----+--------+
         Total |   5736 |   5518 |    218 |   1094 |   2782 |   6 |  956.0 |
       Dungeon |   5736 |   5518 |    218 |   1094 |   2782 |   6 |  956.0 |
               +--------+--------+--------+--------+--------+-----+--------+

Top non-repeatable levels by time:
     D:4: 1870 daAuts
     D:5: 932 daAuts
     D:2: 930 daAuts
     D:6: 789 daAuts
     D:1: 634 daAuts
     D:3: 580 daAuts
